[Event "Titled Tuesday Blitz November 08 Early 2022"]
[White "Dardha, Daniel"]
[Black "Firouzja, Alireza"]
[WhiteFideId "240990"]
[BlackFideId "12573981"]
[WhiteElo "2528"]
[BlackElo "2903"]
[Result "0-1"]
[Round "03"]
[TimeControl "180+1"]
[Date "2022.11.08"]
[WhiteClock "0:00:01"]
[BlackClock "0:00:09"]

1. e4 c5 2. Nf3 d6 3. d4 cxd4 4. Nxd4 Nf6 5. Nc3 Nc6 6. Bg5 Bd7 7. Qd2 Rc8 8. O-O-O Nxd4 9. Qxd4 Qa5 10. h4 h6 11. Bd2 e5 12. Qd3 b5 13. Kb1 b4 14. Nb5 d5 15. exd5 a6 16. Na7 e4 17. Re1 Rc7 18. Rxe4+ Nxe4 19. Qxe4+ Be7 20. d6 Be6 21. a3 Rxa7 22. Bxb4 Qd8 23. Be2 Bxd6 24. Qd4 Rd7 25. Qxg7 Rf8 26. Bc3 Qc7 27. Bxa6 Qc6 28. Bd3 Be7 29. Re1 Kd8 30. Bb4 Bxb4 31. axb4 Re8 32. b5 Qd6 33. Qf6+ Kc8 34. Qc3+ Kb8 35. Re4 Rc8 36. Qa5 Ra7 37. Qd2 Qd5 38. Kc1 Ra1# 0-1


[Site "https://www.chess.com"]

[Event "Titled Tuesday Blitz November 08 Early 2022"]
[White "Darini, Pouria"]
[Black "Schrik, Rachid"]
[WhiteFideId "12502200"]
[BlackFideId "1009818"]
[WhiteElo "2483"]
[BlackElo "2098"]
[Result "1-0"]
[Round "03"]
[TimeControl "180+1"]
[Date "2022.11.09"]
[WhiteClock "0:01:18"]
[BlackClock "0:00:14"]

1. e4 c5 2. Nf3 Nc6 3. Bb5 Nf6 4. Nc3 g6 5. O-O Bg7 6. Re1 O-O 7. d3 Ne8 8. Bf4 Nc7 9. Bc4 d6 10. a4 e5 11. Bg5 Bf6 12. Bxf6 Qxf6 13. Nd2 Be6 14. Nf1 Rad8 15. Ne3 Nd4 16. Nb5 Qe7 17. c3 Ndxb5 18. axb5 Ra8 19. Qb3 Qd7 20. Ra3 a6 21. bxa6 b5 22. Bxe6 fxe6 23. Rea1 Ra7 24. h4 Rfa8 25. h5 Rxa6 26. hxg6 hxg6 27. Ng4 Qg7 28. Rxa6 Rxa6 29. Rxa6 Nxa6 30. Qxe6+ Kh7 31. Nf6+ 1-0


[Site "https://www.chess.com"]

[Event "Titled Tuesday Blitz November 08 Early 2022"]
[White "Degenbaev, Aziz"]
[Black "Salman, Pavel"]
[WhiteFideId "13802640"]
[BlackFideId "24153753"]
[WhiteElo "2039"]
[BlackElo "2187"]
[Result "1-0"]
[Round "03"]
[TimeControl "180+1"]
[Date "2022.11.09"]
[WhiteClock "0:00:44"]
[BlackClock "0:00:01"]

1. c4 c5 2. Nf3 Nf6 3. d4 cxd4 4. Nxd4 b6 5. Nc3 Bb7 6. Bg5 a6 7. Bxf6 gxf6 8. e4 e6 9. Be2 Rg8 10. O-O Qc7 11. Kh1 Bc5 12. Rc1 Nc6 13. Nc2 Ne5 14. b4 Be7 15. a3 Rg6 16. Ne3 Rh6 17. f4 Ng6 18. Ncd5 exd5 19. cxd5 Qb8 20. Nf5 Nxf4 21. Nxh6 Qe5 22. Ng4 Qg5 23. Bf3 Bd6 24. Qd4 h5 25. Qxf6 Qxf6 26. Nxf6+ Ke7 27. e5 Bxe5 28. d6+ Kxf6 29. Bxb7 Rb8 30. Bxa6 Ke6 31. g3 Ng6 32. Rcd1 b5 33. a4 f5 34. Bxb5 Kf6 35. Bxd7 Nf8 36. Rxf5+ Kg6 37. Rxe5 Nxd7 38. Re6+ Kf5 39. Re7 Nf6 40. Rf1+ Kg4 41. Rxf6 h4 42. Rf4+ Kg5 43. Rxh4 Rc8 44. Re5+ Kf6 45. Re1 Rc2 46. Rd4 1-0


[Site "https://www.chess.com"]

[Event "Titled Tuesday Blitz November 08 Early 2022"]
[White "Derjabin, Ilja"]
[Black "Deac, Bogdan-Daniel"]
[WhiteFideId "14104768"]
[BlackFideId "1226380"]
[WhiteElo "2312"]
[BlackElo "2648"]
[Result "0-1"]
[Round "03"]
[TimeControl "180+1"]
[Date "2022.11.09"]
[WhiteClock "0:00:03"]
[BlackClock "0:00:04"]

1. d4 Nf6 2. c4 e6 3. Nc3 Bb4 4. a3 Bxc3+ 5. bxc3 Nc6 6. f3 b6 7. e4 Na5 8. e5 Ng8 9. Nh3 Ba6 10. Bg5 Ne7 11. f4 d6 12. Qf3 Bb7 13. Qh5 Qd7 14. Be2 Bxg2 15. Rg1 g6 16. Qg4 Bxh3 17. Qxh3 O-O-O 18. Bd3 h5 19. Qf3 Kb8 20. Rb1 d5 21. c5 Nf5 22. Bxf5 exf5 23. cxb6 cxb6 24. Bxd8 Rxd8 25. Kf2 Nc4 26. Ra1 Nd2 27. Qd3 Ne4+ 28. Kg2 Rc8 29. Rgc1 Rc4 30. a4 Rxa4 31. Rxa4 Qxa4 32. c4 Qc6 33. Rc2 a5 34. cxd5 Qxd5 35. Kh3 g5 36. Qa6 g4+ 37. Kh4 Qd8+ 38. Kxh5 Qh8# 0-1


[Site "https://www.chess.com"]

[Event "Titled Tuesday Blitz November 08 Early 2022"]
[White "Do Nascimento,Christian Almeida"]
[Black "Svane, Frederik"]
[WhiteFideId "2143801"]
[BlackFideId "12923044"]
[WhiteElo "2079"]
[BlackElo "2466"]
[Result "0-1"]
[Round "03"]
[TimeControl "180+1"]
[Date "2022.11.09"]
[WhiteClock "0:00:38"]
[BlackClock "0:00:59"]

1. e4 e5 2. Nf3 Nc6 3. Bc4 Nf6 4. d3 Bc5 5. O-O d6 6. h3 a6 7. a4 h6 8. c3 Ba7 9. Be3 g5 10. Bxa7 Rxa7 11. Nbd2 g4 12. hxg4 Bxg4 13. b4 Ne7 14. Qb3 Rh7 15. Nh2 Bd7 16. f4 Ng6 17. fxe5 Nxe5 18. Rf4 Nh5 19. Rf2 Qg5 20. Ndf3 Nxf3+ 21. Nxf3 Qg3 22. Nd4 Nf4 23. Kf1 Rg7 24. Ne2 Nxe2 25. Bxf7+ Ke7 26. Kxe2 Bg4+ 27. Ke1 Ra8 28. Bc4 Rf8 29. Ra2 Qe3+ 30. Kf1 Qc1+ 0-1


[Site "https://www.chess.com"]

[Event "Titled Tuesday Blitz November 08 Early 2022"]
[White "Dominguez Perez, Leinier"]
[Black "Ristic, Nebojsa B"]
[WhiteFideId "3503240"]
[BlackFideId "935468"]
[WhiteElo "2647"]
[BlackElo "2320"]
[Result "1-0"]
[Round "03"]
[TimeControl "180+1"]
[Date "2022.11.09"]
[WhiteClock "0:00:36"]
[BlackClock "0:00:37"]

1. e4 Nc6 2. Nf3 d6 3. d4 Nf6 4. Nc3 g6 5. h3 Bg7 6. Be3 O-O 7. Qd2 a6 8. Bh6 b5 9. Bd3 e5 10. Bxg7 Kxg7 11. d5 Na5 12. O-O c5 13. dxc6 Nxc6 14. Rad1 Bb7 15. Qe3 Ne7 16. Rd2 Qc7 17. Rfd1 Rad8 18. a3 Nh5 19. Bf1 h6 20. a4 b4 21. Na2 a5 22. c3 Qc6 23. cxb4 axb4 24. Bb5 Qxe4 25. Qxe4 Bxe4 26. Nxb4 Bxf3 27. gxf3 Nf4 28. Rxd6 Rxd6 29. Rxd6 Nxh3+ 30. Kf1 Rc8 31. Nc6 Nf5 32. Rd7 Kf6 33. a5 Nf4 34. Rd8 Rc7 35. a6 Nd4 36. a7 Nxb5 37. a8=Q Nd4 38. Rd6+ Kg5 39. Qd8+ Re7 40. Qxe7+ 1-0


[Site "https://www.chess.com"]

[Event "Titled Tuesday Blitz November 08 Early 2022"]
[White "Donskov, Anatoly"]
[Black "Makhmudov, Shukhrat"]
[WhiteFideId "24143413"]
[BlackFideId "14200775"]
[WhiteElo "2219"]
[BlackElo "2135"]
[Result "1-0"]
[Round "03"]
[TimeControl "180+1"]
[Date "2022.11.09"]
[WhiteClock "0:00:46"]
[BlackClock "0:00:25"]

1. e4 e5 2. Nf3 Nc6 3. Bb5 a6 4. Ba4 Nf6 5. Qe2 b5 6. Bb3 Be7 7. c3 d6 8. O-O O-O 9. Rd1 Na5 10. Bc2 c5 11. d4 Qc7 12. d5 c4 13. b4 cxb3 14. axb3 Nb7 15. Bb2 Nc5 16. Nbd2 Bg4 17. h3 Bh5 18. Ra3 Rfc8 19. Rda1 Bg6 20. b4 Ncd7 21. Bd3 Qb7 22. Nb3 Nb6 23. Na5 Qc7 24. Nc6 Na4 25. Bc1 Bf8 26. Bg5 Nd7 27. c4 f6 28. Bd2 bxc4 29. Bxc4 Nab6 30. Bxa6 Re8 31. Bb5 f5 32. Nh4 Rxa3 33. Rxa3 fxe4 34. Nxg6 hxg6 35. Qxe4 Nf6 36. Qxg6 Nfxd5 37. Qxe8 1-0


[Site "https://www.chess.com"]

[Event "Titled Tuesday Blitz November 08 Early 2022"]
[White "Durarbayli, Vasif"]
[Black "Martinez Alcantara, Jose Eduardo"]
[WhiteFideId "13402935"]
[BlackFideId "3805662"]
[WhiteElo "2586"]
[BlackElo "2705"]
[Result "1-0"]
[Round "03"]
[TimeControl "180+1"]
[Date "2022.11.08"]
[WhiteClock "0:00:11"]
[BlackClock "0:00:20"]

1. e4 e5 2. Nf3 Nc6 3. Bb5 a6 4. Ba4 Nf6 5. d3 d6 6. O-O g6 7. c3 Bg7 8. h3 O-O 9. Be3 b5 10. Bc2 Bb7 11. Nbd2 Nb8 12. Re1 Nbd7 13. d4 Re8 14. Qb1 exd4 15. cxd4 c5 16. d5 c4 17. Bd4 Qc7 18. a4 Nc5 19. axb5 axb5 20. Rxa8 Rxa8 21. b4 cxb3 22. Nxb3 Nfd7 23. Nxc5 Nxc5 24. Bxg7 Kxg7 25. Qxb5 Qa5 26. Qb2+ Kg8 27. Qf6 Qd8 28. Qd4 Rc8 29. Bb1 Nb3 30. Qb2 Nc5 31. Qd4 Nb3 32. Qe3 Nc5 33. Qf4 Kg7 34. Rc1 f6 35. Nd4 Qe7 36. Qg4 Re8 37. Nf5+ Kf8 38. Nxe7 Kxe7 39. Rxc5 dxc5 40. Qe6+ Kd8 41. Qxf6+ Kc7 42. Qf7+ Kd8 43. Qxb7 Re5 44. Qb6+ Ke7 45. Qxc5+ Kf6 46. Qd4 g5 47. g3 g4 48. hxg4 h5 49. g5+ 1-0


[Site "https://www.chess.com"]

[Event "Titled Tuesday Blitz November 08 Early 2022"]
[White "Ernst, Sipke"]
[Black "Namitbir Singh Walia"]
[WhiteFideId "1004689"]
[BlackFideId "35071068"]
[WhiteElo "2436"]
[BlackElo "2239"]
[Result "1/2-1/2"]
[Round "03"]
[TimeControl "180+1"]
[Date "2022.11.09"]
[WhiteClock "0:00:24"]
[BlackClock "0:00:05"]

1. d4 Nf6 2. Bg5 d5 3. c3 Nbd7 4. e3 h6 5. Bh4 e6 6. Nd2 Be7 7. Bd3 c5 8. f4 b6 9. Qf3 Bb7 10. Ne2 a6 11. O-O O-O 12. Kh1 b5 13. g4 Ne4 14. Bxe7 Nxd2 15. Bxd8 Nxf3 16. Be7 Rfe8 17. Bxc5 Nxc5 18. Rxf3 Nxd3 19. b3 e5 20. fxe5 Nxe5 21. dxe5 d4 22. Nxd4 Rac8 23. Rc1 Rxe5 24. Kg2 Rce8 25. Re1 Rc8 26. Rc1 Bxf3+ 27. Kxf3 g6 28. h4 Kg7 29. e4 Rec5 30. Ne2 f6 31. Ke3 h5 32. gxh5 Rxh5 33. Rh1 Kf7 34. Rd1 Rxh4 35. Rd7+ Kg8 36. Rd6 Rh3+ 37. Kd4 Rh2 38. Kd3 Kg7 39. Rxa6 Rd8+ 40. Nd4 Rh3+ 41. Ke2 Re8 42. Ne6+ Kf7 43. Nc5 Rxc3 44. b4 Rc4 45. a3 f5 46. Rb6 fxe4 47. Ke3 Rc3+ 48. Kd4 Rxa3 49. Nxe4 Rd8+ 50. Ke5 Re8+ 51. Kf4 Kg7 52. Rb7+ Kh6 53. Nf6 Rh8 54. Ng4+ Kh5 55. Rxb5+ Kh4 56. Ne5 Rf8+ 57. Ke4 Re8 58. Rb7 g5 59. Rh7+ Kg3 60. Rg7 Re3+ 61. Kxe3 Rxe5+ 62. Kd4 Rf5 63. Kc4 g4 64. b5 Rf1 65. b6 Rb1 66. Kc5 Kh3 67. Rh7+ Kg2 68. b7 g3 69. Kc6 Kg1 70. Kc7 g2 71. Rh6 Rxb7+ 72. Kxb7 Kf1 73. Rf6+ Ke1 74. Rg6 Kf1 75. Rxg2 Kxg2 1/2-1/2


[Site "https://www.chess.com"]

[Event "Titled Tuesday Blitz November 08 Early 2022"]
[White "Estrada Nieto, Julian"]
[Black "Peyrer, Konstantin"]
[WhiteFideId "5101018"]
[BlackFideId "1640879"]
[WhiteElo "2221"]
[BlackElo "2415"]
[Result "0-1"]
[Round "03"]
[TimeControl "180+1"]
[Date "2022.11.09"]
[WhiteClock "0:01:42"]
[BlackClock "0:02:11"]

1. e4 c6 2. d4 d5 3. Nd2 dxe4 4. Nxe4 Nd7 5. Nf3 Ngf6 6. Neg5 e6 7. Bd3 Bd6 8. Qe2 Qe7 9. Bd2 h6 10. Ne4 Nxe4 11. Qxe4 Nf6 12. Qe2 Bd7 13. Ne5 a5 14. O-O O-O 15. f4 Rfd8 16. c4 Be8 17. Bc3 c5 18. dxc5 Bxc5+ 19. Kh1 Bd4 20. Bxd4 Rxd4 21. Rad1 Rad8 22. Bc2 Qb4 23. b3 Rd2 24. Rxd2 Rxd2 0-1


[Site "https://www.chess.com"]

[Event "Titled Tuesday Blitz November 08 Early 2022"]
[White "Fajdetic, Hrvoje"]
[Black "Forgacs, Attila Jr."]
[WhiteFideId "14501945"]
[BlackFideId "773654"]
[WhiteElo "2172"]
[BlackElo "2168"]
[Result "0-1"]
[Round "03"]
[TimeControl "180+1"]
[Date "2022.11.09"]
[WhiteClock "0:00:01"]
[BlackClock "0:00:07"]

1. d4 Nf6 2. Bf4 g6 3. Nc3 d5 4. e3 Bg7 5. h4 h5 6. Nf3 O-O 7. Ne5 c5 8. Be2 cxd4 9. exd4 Nc6 10. Qd2 Bf5 11. a3 Rc8 12. f3 Qb6 13. O-O-O Nxe5 14. dxe5 Nd7 15. Qxd5 Rfd8 16. Qd4 Nc5 17. Qe3 Nb3+ 18. cxb3 Qxb3 19. Rxd8+ Rxd8 20. Ne4 Rc8+ 21. Kb1 Qc2+ 22. Ka1 Qa4 23. Rc1 Rxc1+ 24. Qxc1 Bxe4 25. fxe4 Qxe4 26. Bf3 Qd3 27. Bxb7 Kh7 28. Qe3 Qd1+ 29. Ka2 Qg4 30. Bf3 Qe6+ 31. b3 Qf5 32. a4 Qc2+ 33. Ka3 e6 34. b4 a5 35. Qb3 axb4+ 36. Qxb4 Qc8 37. Qb3 Bf8+ 38. Ka2 Qc5 39. Bd2 Qf2 40. Qb2 Qc5 41. a5 Be7 42. a6 Qa7 43. Bb4 Qxa6+ 0-1


[Site "https://www.chess.com"]

[Event "Titled Tuesday Blitz November 08 Early 2022"]
[White "Farmani Anosheh, Armin"]
[Black "Aqib Javaid Butt"]
[WhiteFideId "24613240"]
[BlackFideId "7801262"]
[WhiteElo "2289"]
[BlackElo "1659"]
[Result "1-0"]
[Round "03"]
[TimeControl "180+1"]
[Date "2022.11.09"]
[WhiteClock "0:00:28"]
[BlackClock "0:00:06"]

1. d4 d5 2. c4 c6 3. Nf3 Nf6 4. e3 e6 5. Bd3 Be7 6. O-O Nbd7 7. Nbd2 O-O 8. e4 dxe4 9. Nxe4 Nxe4 10. Bxe4 Nf6 11. Bc2 c5 12. h3 b6 13. dxc5 Bxc5 14. Qe2 Bb7 15. Rd1 Qc7 16. Ne5 Rad8 17. Bf4 Qc8 18. Bg5 Be7 19. b4 Rxd1+ 20. Rxd1 Rd8 21. Rb1 h6 22. Bh4 Qc7 23. c5 bxc5 24. bxc5 Bd5 25. c6 Bxc6 26. Rc1 1-0


[Site "https://www.chess.com"]

[Event "Titled Tuesday Blitz November 08 Early 2022"]
[White "Fawzy, Adham"]
[Black "Santos Flores, Alberto"]
[WhiteFideId "10613129"]
[BlackFideId "3601234"]
[WhiteElo "2541"]
[BlackElo "2235"]
[Result "1/2-1/2"]
[Round "03"]
[TimeControl "180+1"]
[Date "2022.11.09"]
[WhiteClock "0:00:05"]
[BlackClock "0:00:10"]

1. e4 c5 2. Nf3 Nc6 3. Bb5 g6 4. O-O Bg7 5. c3 Nf6 6. Re1 O-O 7. d4 cxd4 8. cxd4 d5 9. e5 Ne4 10. Nc3 Nxc3 11. bxc3 Bg4 12. h3 Bxf3 13. Qxf3 e6 14. Bf4 Rc8 15. Bd3 Na5 16. Rac1 Rc6 17. g3 Nc4 18. h4 Qa5 19. h5 Rfc8 20. Kg2 Nb2 21. Bd2 Nxd3 22. Qxd3 Qxa2 23. Ra1 Qc4 24. Qxc4 Rxc4 25. Rxa7 b5 26. Rb1 Rb8 27. Rd7 b4 28. Rxb4 Rcc8 29. Rbb7 Rxb7 30. Rxb7 gxh5 31. f4 Bf8 32. Kf3 Kg7 33. Ke3 Kg6 34. Rb1 Ra8 35. Rh1 Ra2 36. Kd3 Be7 37. Ke3 Ra8 38. Kf3 Ba3 39. g4 hxg4+ 40. Kxg4 Bb2 41. Rb1 Ba1 42. Kf3 Ra3 43. Rg1+ Kh5 44. Rh1+ Kg6 45. Rg1+ Kh5 46. Rh1+ Kg6 47. f5+ Kg7 48. f6+ Kh8 49. Rb1 h5 50. Kf4 Bxc3 51. Bxc3 Rxc3 52. Kg5 Rc8 53. Kxh5 Kg8 54. Kh6 Kf8 55. Rg1 Rc4 56. Rb1 Rc8 57. Rb7 Ke8 58. Ra7 Kf8 59. Rb7 Ra8 60. Kh7 Rc8 61. Ra7 Rb8 62. Kh6 Rc8 63. Kh7 Rb8 64. Kh8 Rc8 65. Kh7 1/2-1/2


[Site "https://www.chess.com"]

[Event "Titled Tuesday Blitz November 08 Early 2022"]
[White "Fernandez De La Vara, Arnaldo"]
[Black "Crevatin, Leo"]
[WhiteFideId "3518388"]
[BlackFideId "1726307"]
[WhiteElo "2387"]
[BlackElo "2208"]
[Result "1/2-1/2"]
[Round "03"]
[TimeControl "180+1"]
[Date "2022.11.09"]
[WhiteClock "0:00:05"]
[BlackClock "0:00:25"]

1. Nf3 d5 2. c4 c6 3. b3 Nf6 4. Bb2 Bf5 5. g3 e6 6. Bg2 Nbd7 7. Nh4 Be4 8. O-O Be7 9. d3 Bxg2 10. Kxg2 O-O 11. Nf3 Bd6 12. Nc3 Qe7 13. Rc1 Rad8 14. Re1 Ba3 15. Qc2 a6 16. Rcd1 e5 17. e3 a5 18. cxd5 cxd5 19. Nb5 Bxb2 20. Qxb2 e4 21. dxe4 dxe4 22. Nfd4 Ne5 23. Nf5 Qe6 24. Nbd4 Qa6 25. Qa3 Nd3 26. Re2 g6 27. Ne7+ Kg7 28. Rc2 Rd7 29. Nef5+ gxf5 30. Nxf5+ Kg8 31. Nh6+ Kg7 32. Nf5+ Kg8 33. Nh6+ Kg7 34. Nf5+ 1/2-1/2


[Site "https://www.chess.com"]

[Event "Titled Tuesday Blitz November 08 Early 2022"]
[White "Fernandez Guillen, Ernesto J."]
[Black "Anton Guijarro, David"]
[WhiteFideId "3512428"]
[BlackFideId "2285525"]
[WhiteElo "2450"]
[BlackElo "2579"]
[Result "0-1"]
[Round "03"]
[TimeControl "180+1"]
[Date "2022.11.08"]
[WhiteClock "0:01:20"]
[BlackClock "0:01:57"]

1. e4 c6 2. d4 d5 3. e5 Bf5 4. c3 e6 5. Bd3 Ne7 6. Ne2 c5 7. O-O Nbc6 8. Be3 Bxd3 9. Qxd3 Nf5 10. Nd2 Qb6 11. Nf3 cxd4 12. cxd4 Be7 13. g4 Nxe3 14. fxe3 O-O-O 15. a3 f6 16. Rfc1 Kb8 17. b4 fxe5 18. dxe5 h5 19. g5 Rhf8 20. Nf4 Rxf4 0-1


[Site "https://www.chess.com"]

[Event "Titled Tuesday Blitz November 08 Early 2022"]
[White "Fernandez Siles, Luis"]
[Black "Artemiev, Vladislav"]
[WhiteFideId "2209420"]
[BlackFideId "24101605"]
[WhiteElo "2186"]
[BlackElo "2802"]
[Result "0-1"]
[Round "03"]
[TimeControl "180+1"]
[Date "2022.11.09"]
[WhiteClock "0:00:22"]
[BlackClock "0:00:54"]

1. e4 g6 2. Nc3 Bg7 3. f4 d6 4. Nf3 c5 5. Bb5+ Bd7 6. Bxd7+ Qxd7 7. d3 Nc6 8. O-O Nf6 9. Qe1 O-O 10. Bd2 Rac8 11. Qh4 Nd4 12. Rac1 Qg4 13. Qxg4 Nxg4 14. Nd5 Rfe8 15. h3 Ne2+ 16. Kh1 Nxc1 17. Bxc1 Nf6 18. Nc3 Nd7 19. Bd2 a6 20. g4 b5 21. Kg2 b4 22. Nd1 a5 23. b3 a4 24. Ne3 axb3 25. axb3 Ra8 26. Nd5 Ra2 27. Rc1 Bb2 28. Rb1 e6 29. Ne3 Bg7 30. Rc1 Rea8 31. Nc4 d5 32. exd5 exd5 33. Ne3 Nb6 34. Kg3 Ra1 35. Rxa1 Rxa1 36. f5 Ra2 37. Ne1 Bh6 38. Kf3 gxf5 39. gxf5 d4 40. Nc4 Nxc4 41. Bxh6 Na3 42. Ke4 Nxc2 43. Nf3 Na1 44. Kd5 Nxb3 45. Kc4 Na5+ 46. Kxc5 b3 47. Nxd4 b2 0-1


[Site "https://www.chess.com"]

[Event "Titled Tuesday Blitz November 08 Early 2022"]
[White "Fier, Alexandr"]
[Black "Svane, Rasmus"]
[WhiteFideId "2107139"]
[BlackFideId "4657101"]
[WhiteElo "2617"]
[BlackElo "2674"]
[Result "0-1"]
[Round "03"]
[TimeControl "180+1"]
[Date "2022.11.08"]
[WhiteClock "0:00:15"]
[BlackClock "0:00:21"]

1. d4 Nf6 2. c4 e6 3. Nc3 Bb4 4. e3 O-O 5. Ne2 Re8 6. a3 Bf8 7. Ng3 d5 8. Be2 c5 9. dxc5 Bxc5 10. b4 Bb6 11. O-O Nc6 12. cxd5 exd5 13. Na4 Bc7 14. Bb2 Be5 15. Bf3 Bxb2 16. Nxb2 Ne5 17. Be2 Be6 18. Rc1 a5 19. b5 Qd6 20. a4 Rac8 21. Qd4 Ned7 22. Nd3 b6 23. Nf4 Nc5 24. Ngh5 Nxh5 25. Nxh5 f6 26. Nf4 Bf7 27. Qd1 d4 28. Qxd4 Qxd4 29. exd4 Nxa4 30. Bg4 Rxc1 31. Rxc1 Nc3 32. h4 Nd5 33. Nxd5 Bxd5 34. Bd7 Rd8 35. Bc6 a4 36. Ra1 Bb3 37. d5 Kf7 38. f4 Ke7 39. g4 Kd6 40. Kf2 Kc5 41. Ke3 Kc4 42. Ke4 Kc3 43. Kf5 Kb2 44. Rxa4 Bxa4 45. Ke6 Bb3 46. g5 fxg5 47. hxg5 g6 48. Ke7 Rxd5 49. Bxd5 Bxd5 50. Kd6 Bc4 51. Kc7 Kc3 52. Kxb6 Kd4 53. Kc6 Bxb5+ 54. Kxb5 Ke4 0-1


[Site "https://www.chess.com"]

[Event "Titled Tuesday Blitz November 08 Early 2022"]
[White "Firat, Burak"]
[Black "Begunov, Konstantin"]
[WhiteFideId "6305881"]
[BlackFideId "4118510"]
[WhiteElo "2392"]
[BlackElo "2140"]
[Result "1-0"]
[Round "03"]
[TimeControl "180+1"]
[Date "2022.11.09"]
[WhiteClock "0:01:46"]
[BlackClock "0:00:52"]

1. Nf3 d5 2. g3 c6 3. Bg2 Bg4 4. O-O Nd7 5. d3 e5 6. Nbd2 Ngf6 7. c4 Bc5 8. h3 Bh5 9. cxd5 Nxd5 10. Nc4 Qe7 11. a3 a5 12. Qc2 O-O 13. e4 Nc7 14. Nh4 Ne6 15. Nf5 Qd8 16. Be3 Bxe3 17. fxe3 f6 18. Ncd6 Qc7 19. Qc4 Bf7 20. Ne7+ Kh8 21. Nxf7+ Rxf7 22. Qxe6 Rff8 23. Nf5 1-0


[Site "https://www.chess.com"]

[Event "Titled Tuesday Blitz November 08 Early 2022"]
[White "Flis, Pawel"]
[Black "Bernat, David"]
[WhiteFideId "1112864"]
[BlackFideId "2099225"]
[WhiteElo "1817"]
[BlackElo "2318"]
[Result "0-1"]
[Round "03"]
[TimeControl "180+1"]
[Date "2022.11.09"]
[WhiteClock "0:00:05"]
[BlackClock "0:00:19"]

1. e4 c5 2. Nf3 g6 3. c3 Bg7 4. d4 cxd4 5. cxd4 d5 6. exd5 Nf6 7. Nc3 Nxd5 8. Bb5+ Bd7 9. Qb3 Nxc3 10. bxc3 O-O 11. O-O a6 12. Bd3 b5 13. a4 bxa4 14. Qc2 Bb5 15. Ba3 Re8 16. Rfe1 Nc6 17. Rab1 Rb8 18. Qe2 Bxd3 19. Qxd3 Qc8 20. Qe4 Rxb1 21. Rxb1 Na5 22. Qd3 Qc4 23. Qe3 Qa2 24. Qc1 Bh6 25. Qb2 Qxb2 26. Rxb2 Nc4 27. Ra2 Rb8 28. g3 Rb3 29. Bxe7 a3 30. Kg2 Rxc3 31. Ne5 Nxe5 32. dxe5 Bf8 33. Bxf8 Kxf8 34. f4 Rb3 35. Kh3 Ke7 36. Kg4 h6 37. h4 Ke6 38. Rd2 Rb6 39. Ra2 Rb3 40. Rd2 a5 41. Rd6+ Ke7 42. Ra6 Rb5 43. Ra7+ Ke8 44. Ra8+ Ke7 45. Ra7+ Kf8 46. Ra8+ Kg7 47. Rc8 a2 48. Rc2 a1=Q 49. f5 Qd1+ 0-1


[Site "https://www.chess.com"]

[Event "Titled Tuesday Blitz November 08 Early 2022"]
[White "Gabdrakhmanov, Azat"]
[Black "Koridze, Lile"]
[WhiteFideId "34189197"]
[BlackFideId "13612514"]
[WhiteElo "2254"]
[BlackElo "2050"]
[Result "0-1"]
[Round "03"]
[TimeControl "180+1"]
[Date "2022.11.09"]
[WhiteClock "0:00:16"]
[BlackClock "0:00:11"]

1. e4 c5 2. Nf3 d6 3. d4 cxd4 4. Nxd4 Nf6 5. Nc3 a6 6. Be3 e5 7. Nb3 Be6 8. Qd2 b5 9. O-O-O Nbd7 10. f4 exf4 11. Bxf4 Ne5 12. Qe1 Qc7 13. Kb1 Be7 14. Nd5 Nxd5 15. exd5 Bf5 16. Nd4 Bg6 17. Bxe5 dxe5 18. Nc6 Bd6 19. Bd3 O-O 20. Bxg6 fxg6 21. Rf1 Rae8 22. Qe4 Qd7 23. a3 Rf5 24. g3 Ref8 25. Rfe1 Rf2 26. Re2 R2f5 27. Rde1 Re8 28. Qg4 Qf7 29. Qe4 h5 30. Qd3 Rf3 31. Qd2 Rf5 32. h3 e4 33. Nb4 Bxb4 34. Qxb4 Rxd5 35. Rxe4 Rxe4 36. Qxe4 Rd8 37. g4 hxg4 38. Qxg4 Rd6 39. Qc8+ Kh7 40. Qg4 Qf6 41. h4 Rd2 42. h5 g5 43. Qe4+ Kh6 44. Qe3 Rf2 45. Qb3 Rf1 46. Rxf1 Qxf1+ 47. Ka2 Qc4 48. Qxc4 bxc4 49. b4 cxb3+ 50. Kxb3 g4 51. c4 g3 52. c5 g2 53. c6 g1=Q 0-1


[Site "https://www.chess.com"]

[Event "Titled Tuesday Blitz November 08 Early 2022"]
[White "Galchenko, Matvey"]
[Black "Thomforde-Toates, Noah"]
[WhiteFideId "24175480"]
[BlackFideId "30951992"]
[WhiteElo "2403"]
[BlackElo "2622"]
[Result "1-0"]
[Round "03"]
[TimeControl "180+1"]
[Date "2022.11.09"]
[WhiteClock "0:00:16"]
[BlackClock "0:00:12"]

1. f4 d6 2. Nf3 Nd7 3. g3 Ngf6 4. Bg2 g6 5. d3 Bg7 6. O-O O-O 7. Nc3 e5 8. e4 c6 9. f5 d5 10. Nh4 Nc5 11. Qe1 Ne8 12. exd5 Nc7 13. dxc6 bxc6 14. Bxc6 Bb7 15. Bxb7 Nxb7 16. Ne4 Nd5 17. Qf2 Qb6 18. f6 Qxf2+ 19. Rxf2 Bh8 20. Bg5 Rfc8 21. Nf3 Re8 22. Re1 Rac8 23. a3 Re6 24. c4 Nb6 25. b4 Rd8 26. Rd2 a5 27. Nc5 Nxc5 28. bxc5 Na4 29. d4 Bxf6 30. d5 Bxg5 31. Nxg5 Ra6 32. c6 Nb6 33. c7 Rc8 34. d6 Nd7 35. Ne4 Rc6 36. Rb1 Kg7 37. Nc3 Rxc4 38. Nd5 Rc6 39. Ne7 Rxd6 40. Rxd6 Rxc7 41. Nd5 Ra7 42. Nc3 Nf8 43. Nb5 Re7 44. a4 e4 45. Re1 f5 46. Ra6 Ne6 47. Ra7 Rxa7 48. Nxa7 Nc5 49. Ra1 g5 50. Nc6 f4 51. gxf4 gxf4 52. Nxa5 Kf6 53. Nc4 Kf5 54. a5 f3 55. a6 Kf4 56. a7 e3 57. a8=Q f2+ 58. Kg2 Nd3 59. Qf3+ Kg5 60. Qxe3+ Nf4+ 61. Kg3 h5 62. Qxf4+ Kg6 1-0


[Site "https://www.chess.com"]

[Event "Titled Tuesday Blitz November 08 Early 2022"]
[White "Garcia Ramos, Daniel"]
[Black "Nugumanov, Bakhtiyar"]
[WhiteFideId "32010311"]
[BlackFideId "13701797"]
[WhiteElo "2357"]
[BlackElo "2287"]
[Result "1-0"]
[Round "03"]
[TimeControl "180+1"]
[Date "2022.11.09"]
[WhiteClock "0:01:28"]
[BlackClock "0:00:01"]

1. e4 d6 2. d4 Nf6 3. Bd3 e5 4. c3 d5 5. exd5 exd4 6. Nf3 Bg4 7. Qe2+ Be7 8. cxd4 O-O 9. Nc3 Re8 10. O-O h6 11. h3 Bh5 12. Bc2 Nxd5 13. Qd3 Bg6 14. Qd1 Bxc2 15. Qxc2 1-0


[Site "https://www.chess.com"]

[Event "Titled Tuesday Blitz November 08 Early 2022"]
[White "Garic, Radomir"]
[Black "Gronnestad, Anita"]
[WhiteFideId "920959"]
[BlackFideId "1502972"]
[WhiteElo "2227"]
[BlackElo "1939"]
[Result "0-1"]
[Round "03"]
[TimeControl "180+1"]
[Date "2022.11.09"]
[WhiteClock "0:01:53"]
[BlackClock "0:02:03"]

1. e4 c6 2. d4 d5 3. e5 c5 4. dxc5 Nc6 5. a3 Nxe5 6. b4 Nf6 7. Bb2 Nc6 8. Bxf6 exf6 9. Bb5 Be7 10. Nf3 O-O 11. O-O Bg4 12. h3 Bh5 13. Bxc6 bxc6 14. Nbd2 f5 15. c3 Bf6 16. Qc2 f4 17. Nd4 Bxd4 18. cxd4 f3 19. g4 Qh4 20. Nxf3 Qxh3 21. Qd3 Qxg4+ 0-1


[Site "https://www.chess.com"]

[Event "Titled Tuesday Blitz November 08 Early 2022"]
[White "Garrido, Denis"]
[Black "Kaplan, Avi Harrison"]
[WhiteFideId "601217"]
[BlackFideId "30934559"]
[WhiteElo "2186"]
[BlackElo "1983"]
[Result "0-1"]
[Round "03"]
[TimeControl "180+1"]
[Date "2022.11.09"]
[WhiteClock "0:01:29"]
[BlackClock "0:01:46"]

1. e4 c5 2. Nf3 d6 3. d4 cxd4 4. Nxd4 Nf6 5. Nc3 a6 6. a4 e5 7. Nf3 Qc7 8. Bg5 Be7 9. Bxf6 Bxf6 10. Nd5 Qd8 11. Bc4 Be6 12. O-O Nd7 13. Qe2 Rc8 14. Rfd1 O-O 15. Nd2 Bxd5 16. Bxd5 Rxc2 17. Bxb7 Nc5 18. Bxa6 Rxb2 19. Bc4 Bg5 20. Ra2 Rxa2 21. Bxa2 Nxa4 22. Qc4 Nb2 0-1


[Site "https://www.chess.com"]